 Dungeon Crawl Stone Soup version 0.20.1-1-g8b1a95d (webtiles) character file.

210 lorenzova the Conjurer (level 5, 0/28 HPs)
             Began as a Deep Elf Conjurer on Oct 26, 2017.
             Was an Initiate of Sif Muna.
             Slain by a worker ant (3 damage)
             ... on level 4 of the Dungeon.
             The game lasted 00:04:57 (2940 turns).

lorenzova the Conjurer (Deep Elf Conjurer)          Turns: 2940, Time: 00:04:58

Health: 0/28       AC:  2    Str:  5    XL:     5   Next: 57%
Magic:  9/15       EV: 13    Int: 23    God:    Sif Muna [......]
Gold:   149        SH:  0    Dex: 15    Spells: 8/15 levels left

rFire    . . .     SeeInvis .   u - +2 dagger (speed)
rCold    . . .     Gourm    .   (no shield)
rNeg     . . .     Faith    .   a - +0 robe
rPois    .         Spirit   .   (no helmet)
rElec    .         Reflect  .   (no cloak)
rCorr    .         Harm     .   (no gloves)
MR       .....                  (no boots)
Stlth    ++........             (no amulet)
Regen    0.1/turn               l - ring of flight
MPRegen  0.2/turn               (no ring)

@: lethally poisoned (0 -> -12)
A: talons 1, clever 1
a: Renounce Religion, Evoke Flight


You were on level 4 of the Dungeon.
You worshipped Sif Muna.
Sif Muna was noncommittal.
You were not hungry.

You visited 1 branch of the dungeon, and saw 4 of its levels.

You collected 149 gold pieces.

Inventory:

Hand Weapons
 u - a +2 dagger of speed (weapon)
Armour
 a - a +0 robe (worn)
Jewellery
 l - a ring of flight (left hand)
Wands
 x - a wand of confusion (26/48)
Scrolls
 e - a scroll of blinking {unknown}
 f - a scroll of noise {unknown}
 g - 4 scrolls of teleportation {unknown}
 h - 2 scrolls of fear {unknown}
 n - 2 scrolls of enchant armour {unknown}
 q - 2 scrolls of enchant weapon {unknown}
 s - 2 scrolls of identify {unknown}
 t - a scroll of remove curse {unknown}
 v - a scroll of magic mapping {unknown}
Potions
 m - a potion of haste {unknown}
 o - a potion of invisibility {unknown}
 p - a potion of flight {unknown}
 r - a potion of cancellation {unknown}
 w - a potion of ambrosia {unknown}
 z - a potion of heal wounds {unknown}
Books
 b - a book of Conjurations

   Spells                             Type                      Level
   a - Magic Dart                     Conjuration                  1
   b - Searing Ray                    Conjuration                  2
   c - Dazzling Spray                 Conjuration/Hexes            3
   d - Fulminant Prism                Conjuration/Hexes            4
   e - Force Lance                    Conjuration/Translocation    4
   f - Iskenderun's Mystic Blast      Conjuration                  4
Comestibles
 c - 3 bread rations
 d - 3 fruits
 i - 2 royal jellies
 k - a meat ration
 A - a chunk of flesh


   Skills:
 - Level 2.4 Dodging
 - Level 2.4 Stealth
 + Level 5.9 Spellcasting
 + Level 6.2 Conjurations


You had 8 spell levels left.
You knew the following spells:

 Your Spells              Type           Power        Failure   Level  Hunger
a - Magic Dart            Conj           ####         1%          1    None
b - Searing Ray           Conj           #####.       1%          2    None
c - Iskenderun's Mystic   Conj           #####...     7%          4    ###....


Dungeon Overview and Level Annotations

Branches:
Dungeon (4/15)
 Temple: D:4-7

Altars:
Sif Muna
Xom
Zin


Innate Abilities, Weirdness & Mutations

You have sharp toenails.
Your mind is acute. (Int +2)


Message History

Casting: Magic Dart
Confirm with . or Enter, or press ? or * to list all spells.
Aiming: Iskenderun's Mystic Blast
Press: ? - help, Shift-Dir - straight line, f - worker ant
Aim: a worker ant The orb of energy hits the worker ant.
The worker ant is severely wounded.
* * * LOW HITPOINT WARNING * * *
You feel sick. The worker ant bites you.
* * * LOW HITPOINT WARNING * * *
You are more poisoned.
The worker ant poisons you!
Casting: Iskenderun's Mystic Blast
Confirm with . or Enter, or press ? or * to list all spells.
You don't know that spell.
It was a potion of mutation.
You feel extremely strange.
Your toenails lengthen and sharpen.
You feel clever.
* * * LOW HITPOINT WARNING * * *
You feel sick. The worker ant bites you.
You die...

≈≈≈##+++##≈≈≈≈≈≈..
#≈≈≈≈...≈≈≈≈#.....
#≈≈...≈≈...>..
#...##..#.#
#!...(....#.# .....
######......# #......#
#†###### #......#
#.######### #......#
#...a@....###......#
#########.##.......#
...# #.##.....#
#.###.#<.....#
#.....##.....####
#....###........#
#.#####....###........#
#.....................#
#######....###........#


You could see a worker ant.

Vanquished Creatures
  Terence (D:2)
  Natasha (twice) (D:2)
  5 adders
  2 oozes
  2 worms (D:2)
  4 dart slugs
  3 leopard geckos
  An orc (D:3)
  2 giant cockroaches
  5 goblins
  9 hobgoblins
  6 jackals
  A quokka (D:4)
  A ball python (D:3)
  7 bats
  8 frilled lizards
  6 kobolds
  6 rats
71 creatures vanquished.

Notes
Turn   | Place    | Note
-------+----------+-------------------------------------------
     0 | D:1      | lorenzova the Deep Elf Conjurer began the quest for the Orb.
     0 | D:1      | Reached XP level 1. HP: 10/10 MP: 6/6
   159 | D:1      | Reached XP level 2. HP: 15/15 MP: 2/8
   172 | D:1      | Learned a level 2 spell: Searing Ray
   955 | D:1      | Reached skill level 5 in Conjurations
  1062 | D:2      | Noticed Terence
  1068 | D:2      | Killed Terence
  1068 | D:2      | Reached XP level 3. HP: 19/19 MP: 2/10
  1265 | D:2      | Reached XP level 4. HP: 24/24 MP: 6/12
  1410 | D:2      | Noticed an angel
  1411 | D:2      | Found a shimmering altar of Xom.
  1414 | D:2      | Found a glowing silver altar of Zin.
  1513 | D:2      | Reached skill level 5 in Spellcasting
  1782 | D:2      | Noticed Natasha
  1787 | D:2      | Killed Natasha
  1813 | D:2      | Learned a level 4 spell: Iskenderun's Mystic Blast
  1933 | D:2      | Noticed Natasha
  1935 | D:2      | Killed Natasha
  1935 | D:2      | Reached XP level 5. HP: 28/28 MP: 9/15
  2051 | D:3      | Reached skill level 6 in Conjurations
  2711 | D:3      | Found a deep blue altar of Sif Muna.
  2771 | D:3      | Became a worshipper of Sif Muna the Loreminder
  2940 | D:4      | Gained mutation: You have sharp toenails. [potion of mutation]
  2940 | D:4      | Gained mutation: Your mind is acute. (Int +2) [potion of mutation]
  2940 | D:4      | Slain by a worker ant

Skill      XL: |  1  2  3  4  5 |
---------------+----------------+-----
Conjurations   | 5 6 |  6.2
Spellcasting   | 4 5 |  5.9
Dodging        | |  2.4
Stealth        | |  2.4

Action                   |  1- 3 |  4- 6 || total
-------------------------+-------+-------++-------
Melee: Unarmed           |     9 |     2 ||    11
       Dagger            |       |     1 ||     1
 Cast: Magic Dart        |    55 |    93 ||   148
       Searing Ray       |     1 |     1 ||     2
       Iskenderun's Myst |       |     2 ||     2
  Use: Potion            |       |     1 ||     1
  Eat: Chunk             |     1 |     5 ||     6
Armor: Robe              |     3 |     2 ||     5
Dodge: Dodged            |    10 |    10 ||    20
